 Dungeon Crawl Stone Soup version 0.21-a0-509-gecc5317 (webtiles) character file.

288 Lasiace the Skirmisher (level 6, -4/51 HPs)
             Began as a Formicid Fighter on Nov 30, 2017.
             Was an Initiate of Okawaru.
             Slain by Dawnplanks's ghost (6 damage)
             ... on level 3 of the Dungeon.
             The game lasted 00:13:01 (2980 turns).

Lasiace the Skirmisher (Formicid Fighter)           Turns: 2980, Time: 00:13:01

Health: -4/51      AC:  7    Str: 21    XL:     6   Next: 57%
Magic:  6/6        EV:  9    Int:  7    God:    Okawaru [......]
Gold:   140        SH:  9    Dex: 12    Spells: 5/5 levels left

rFire    . . .     SeeInvis +   s - +0 long sword
rCold    + . .     Gourm    +   S - +0 shield
rNeg     . . .     Faith    .   A - +0 scale mail
rPois    .         Spirit   .   (helmet unavailable)
rElec    .         Reflect  .   (no cloak)
rCorr    .         Harm     .   (no gloves)
MR       .....                  (no boots)
Stlth    ..........             c - amulet of the gourmand
HPRegen  0.17/turn              O - ring of protection from cold
MPRegen  0.10/turn              I - ring of teleportation (curse)

@: no status effects
A: permanent stasis, dig shafts and tunnels, four strong arms, antennae 3
a: Dig, Shaft Self, Renounce Religion


You were on level 3 of the Dungeon.
You worshipped Okawaru.
Okawaru was noncommittal.
You were very full.

You visited 1 branch of the dungeon, and saw 3 of its levels.

You collected 140 gold pieces.

Inventory:

Hand Weapons
 s - a +0 long sword (weapon)
Missiles
 k - 67 bolts
Armour
 A - a +0 scale mail (worn)
 S - a +0 shield (worn)
Jewellery
 c - an amulet of the gourmand (around neck)
 I - a cursed ring of teleportation (right hand)
 O - a ring of protection from cold (left hand)
Scrolls
 a - a scroll of teleportation {unknown}
 b - a scroll of enchant weapon {unknown}
 e - a scroll of blinking {unknown}
 i - 2 scrolls of remove curse {unknown}
 l - a scroll of immolation {unknown}
 o - 5 scrolls of identify {unknown}
Potions
 d - 3 potions of might
 h - a potion of lignification {unknown}
 j - 2 potions of degeneration {unknown}
 m - a potion of mutation {unknown}
 n - a potion of haste {unknown}
 p - a potion of magic {unknown}
 q - a potion of cancellation {unknown}
 r - a potion of heal wounds {unknown}
Comestibles
 f - 2 bread rations
 g - 5 meat rations


   Skills:
 - Level 5.2 Fighting
 + Level 2.8 Long Blades
 - Level 4.0 Armour
 - Level 3.0 Dodging
 - Level 0.5 Stealth
 - Level 4.0 Shields


You had 5 spell levels left.
You didn't know any spells.

Dungeon Overview and Level Annotations

Branches:
Dungeon (3/15)

Altars:
Elyvilon
Okawaru
Trog
Zin
The Shining One

Annotations:
D:3 Dawnplanks's ghost, amateur DrAE


Innate Abilities, Weirdness & Mutations

You cannot be hasted, slowed, berserked, paralysed or teleported.
You can dig through walls and to a lower floor.
Your four strong arms can wield two-handed weapons with a shield.
You have a pair of large antennae on your head. (SInv)


Message History

Dawnplanks's ghost is severely damaged.
Dawnplanks's ghost waves its arms in wide circles.
The air twists around and strikes you!
* * * LOW HITPOINT WARNING * * *
You barely miss Dawnplanks's ghost.
Dawnplanks's ghost is severely damaged.
Dawnplanks's ghost waves its arms in wide circles.
The air twists around and strikes you!
* * * LOW HITPOINT WARNING * * *
Dawnplanks's ghost barely misses you.
You riposte.
You barely miss Dawnplanks's ghost.
Dawnplanks's ghost is severely damaged.
An orc comes into view. It is wielding a flail.
The orc shouts!
Dawnplanks's ghost waves its arms in wide circles.
The air twists around and strikes you!
* * * LOW HITPOINT WARNING * * *
You closely miss the orc. You block the orc's attack.
Dawnplanks's ghost hits you.
You die...

........# #............ #......
##......# ##.#.#.#.#.## #.#.###
##.##### #..<......รท.###.#.# #.#
# ##.#.#.#.#.##...#.# #.#
#.#......).(..#.###.# #.#
#..#.#.#.#.#.##.# #(# #.#
#.#......$....#.# #.#
###.#######.##.#W#.#.#.##.# #.###
....#...........@.........# #....
#####........#.#o#.#.#!#..#######
........##................#......
###......+...#.#.#.#.#.#..####.##
..))..#.##.....#####.#.#..####.##
.###..#.##.... ..#.#....##.##
........##...# # #.#..#.##.##
#.#...### ... ###.......#.##
......# #....#.#.##.##


You could see Dawnplanks's ghost and an orc.

Vanquished Creatures
  Sigmund (D:2)
  4 adders
  2 oozes (D:3)
  2 worms
  A dart slug (D:1)
  5 leopard geckos
  6 orcs (D:3)
  A ball python (D:3)
  6 bats
  4 giant cockroaches
  7 goblins
  8 hobgoblins
  2 jackals (D:1)
  3 quokkas
  3 frilled lizards
  5 kobolds
  3 rats
63 creatures vanquished.

Vanquished Creatures (others)
  4 toadstools (D:1)
4 creatures vanquished.

Grand Total: 67 creatures vanquished

Notes
Turn   | Place    | Note
-------+----------+-------------------------------------------
     0 | D:1      | Lasiace the Formicid Fighter began the quest for the Orb.
     0 | D:1      | Reached XP level 1. HP: 18/18 MP: 1/1
   108 | D:1      | Reached XP level 2. HP: 18/24 MP: 2/2
   468 | D:1      | Reached XP level 3. HP: 28/29 MP: 3/3
   814 | D:2      | Found an iron altar of Okawaru.
   826 | D:2      | Reached skill level 1 in Dodging
   830 | D:2      | Became a worshipper of Warmaster Okawaru
   878 | D:2      | Reached XP level 4. HP: 37/37 MP: 4/4
   913 | D:2      | Found a bloodstained altar of Trog.
  1141 | D:2      | Found a glowing golden altar of the Shining One.
  1141 | D:2      | Found a glowing silver altar of Zin.
  1142 | D:2      | Found a white marble altar of Elyvilon.
  1375 | D:2      | Noticed Sigmund
  1400 | D:2      | Killed Sigmund
  1400 | D:2      | Reached * piety under Okawaru
  1400 | D:2      | Reached skill level 5 in Fighting
  1400 | D:2      | Reached XP level 5. HP: 11/44 MP: 5/5
  1400 | D:2      | Reached XP level 6. HP: 13/51 MP: 6/6
  2379 | D:3      | Found a white marble altar of Elyvilon.
  2461 | D:3      | Noticed Dawnplanks's ghost (amateur DrAE)
  2978 | D:3      | HP: 2/51 [Dawnplanks's ghost/the air (4)]
  2980 | D:3      | Slain by Dawnplanks's ghost

Vault maps used:
D:1:      ldierk_walled_garden_2, minmay_split_cup_large
D:2:      good_gods_temple_1, okawaru_ov_weapons_minmay, trog_book, uniq_sigmund
D:3:      st_stairs_11, elyvilon_altar_4

Skill      XL: |  1  2  3  4  5  6 |
---------------+-------------------+-----
Shields        | 4 |  4.0
Dodging        | 1 2 3 |  3.0
Armour         | 4 |  4.0
Fighting       | 5 |  5.2
Long Blades    | |  2.8
Stealth        | |  0.5

Action                   |  1- 3 |  4- 6 || total
-------------------------+-------+-------++-------
Melee: Long sword        |   101 |   173 ||   274
 Abil: Dig               |       |     1 ||     1
  Eat: Chunk             |     9 |     6 ||    15
Armor: Scale mail        |    52 |    59 ||   111
Dodge: Dodged            |    38 |    51 ||    89
Block: Shield            |    57 |    77 ||   134
       Rpst.: Long sword |    12 |    20 ||    32

Table legend:
 A = Spawn XP
 B = Non-spawn XP
 C = Spawn XP percentage of total XP
 D = Spawn monster count
 E = Non-spawn monster count
 F = Spawn count percentage of total count
 G = Total turns spent on level
                    A         B        C        D         E        F      G
               +---------+---------+-------+---------+---------+-------+---------
         Total |       0 |     412 |   0.0 |       0 |      63 |   0.0 |  2980
               +---------+---------+-------+---------+---------+-------+---------
           D:1 |       0 |      47 |   0.0 |       0 |      27 |   0.0 |   801
           D:2 |       0 |     269 |   0.0 |       0 |       9 |   0.0 |  1453
           D:3 |       0 |      96 |   0.0 |       0 |      27 |   0.0 |   726
               +---------+---------+-------+---------+---------+-------+---------
